 Dungeon Sprint DCSS version 0.22-a0-398-g8bb545f (webtiles) character file.

3544 Kidiri the Thaumaturge (level 9, -7/54 HPs)
             Began as a Deep Elf Fire Elementalist on May 4, 2018.
             Was the Champion of Vehumet.
             Killed from afar by a nagaraja (31 damage)
             ... with a bolt of poison
             ... in the Dungeon (Sprint VII: "The Pits").
             The game lasted 00:10:16 (2247 turns).

Kidiri the Thaumaturge (Deep Elf Fire Elementalist) Turns: 2247, Time: 00:10:17

Health: -7/54      AC: 17    Str:  5    XL:     9   Next: 83%
Magic:  28/29      EV:  8    Int: 24    God:    Vehumet [******]
Gold:   0          SH:  0    Dex: 15    Spells: 2/36 levels left

rFire    . . .     SeeInvis .   b - +2 rapier (venom)
rCold    . . .     Gourm    .   (no shield)
rNeg     . . .     Faith    .   a - +4 scale mail
rPois    .         Spirit   .   (helmet restricted)
rElec    .         Reflect  .   (no cloak)
rCorr    .         Harm     .   (no gloves)
MR       .....     NoTele   +   (no boots)
Stlth    +.........             (no amulet)
HPRegen  0.18/turn              o - +3 ring of protection
MPRegen  0.21/turn              p - +3 ring of protection

@: lethally poisoned (-7 -> -30)
A: horns 2, no potion heal 1
a: Renounce Religion


You were in the Dungeon.
You worshipped Vehumet.
Vehumet was exalted by your worship.
You were not hungry.

You visited 1 branch

Inventory:

Hand Weapons
 b - a +2 rapier of venom (weapon)
Armour
 a - a +4 scale mail (worn)
Jewellery
 o - a +3 ring of protection (left hand)
 p - a +3 ring of protection (right hand)
Scrolls
 i - a scroll of blinking
 l - 3 scrolls of remove curse
 m - 5 scrolls of amnesia
 n - a scroll of summoning
Potions
 d - 7 potions of curing
 e - 7 potions of heal wounds
 f - a potion of haste
 g - 4 potions of magic
 h - 4 potions of berserk rage
 k - 2 potions of invisibility
 q - a potion of might
 r - 2 potions of resistance
Comestibles
 c - 7 rations
 j - 2 chunks of flesh


   Skills:
 + Level 5.0 Fighting
 + Level 6.2 Short Blades
 + Level 5.0 Armour
 + Level 7.9 Dodging
 - Level 2.4 Stealth
 * Level 14.3 Spellcasting
 + Level 8.8 Conjurations
 + Level 9.4 Fire Magic
 + Level 6.0 Ice Magic
 + Level 5.5 Air Magic
 + Level 5.3 Earth Magic
 + Level 6.2 Poison Magic


You had 2 spell levels left.
You knew the following spells:

 Your Spells              Type           Power        Failure   Level  Hunger
a - Flame Tongue          Conj/Fire      #####        1%          1    None
b - Throw Flame           Conj/Fire      ######       1%          2    None
c - Conjure Flame         Conj/Fire      ######..     1%          3    None
d - Inner Flame           Hex/Fire       #####...     7%          3    None
e - Sticky Flame          Conj/Fire      ######..     4%          4    None
f - Fireball              Conj/Fire      ######....   11%         5    ##.....
g - Bolt of Magma         Conj/Fire/Erth ######....   17%         5    ##.....
h - Throw Frost           Conj/Ice       ######       1%          2    None
i - Iron Shot             Conj/Erth      ######....   73%         6    #####..
l - Mephitic Cloud        Conj/Pois/Air  ######..     3%          3    None


Dungeon Overview and Level Annotations

Branches:
Dungeon (1/1)

Altars:
Ashenzari
Cheibriados
Dithmenos
Elyvilon
Fedhas
Gozag
Hepliaklqana
Kikubaaqudgha
Makhleb
Nemelex Xobeh
Okawaru
Qazlal
Ru
Sif Muna
Trog
Uskayaw
Vehumet
Wu Jian
Xom
Yredelemnul
Zin
The Shining One
Beogh
Jiyva
Lugonu

Annotations:
D exclusion: 4 doors


Innate Abilities, Weirdness & Mutations

You have a pair of horns on your head.
Potions are less effective at restoring your health.


Message History

You open the door.
You feel sick. The nagaraja casts a spell at you.
You feel a strange sense of stasis.
Unknown command.
You feel sick.
The kobold demonologist casts a cantrip, but nothing happens.
There is an open door here.
You feel sick.
The kobold demonologist gestures wildly while chanting.
You close the door.
A nagaraja opens the door.
You feel sick.
You feel sick. The nagaraja spits poison at you. The splash of poison hits you!
You are more poisoned.
The nagaraja gestures at you while chanting.
The bolt of poison hits you!
You are more poisoned.
Ouch! That really hurt!
You die...

#))#####+#####''######
#))##.......##''#########
#))##.......##......#...+
#[[##.......##....###...#
#+###...<...##...##.+...+
...##.......##..##..##+##
...##.......##..#..##...##
.
#####.......##..#..#.....#
..
#..###########..@..+.....+


hh. #.############..#..#.....# .#hD #.#....#..[[##..#..##...##..hv
#+#)...#..[[##..##.N##+##hh# #)+)...+..))##..)##.'..5'K#
#+#)...#..))##....###...### +.#....#..))##......#...+ #########################
You could see a nagaraja.

Vanquished Creatures
  2 deep elf magi (D)
  A kobold demonologist (D)
  A freezing wraith (D)
  A hellwing (D)
  5 blink frogs (D)
  A fire bat (D)
  A steam dragon (D)
  A hungry ghost (D)
  2 eyes of draining (D)
  2 ice beasts (D)
  An orc warrior (D)
  A necrophage (D)
  An ogre (D)
  A crocodile (D)
  An iron imp (D)
  Terence (D)
  An ufetubus (D)
  2 oozes (D)
  A worm (D)
  3 orcs (D)
  A ball python (D)
  A giant cockroach (D)
  2 hobgoblins (D)
  7 jackals (D)
  2 kobolds (D)
  A bat (D)
  A rat (D)
45 creatures vanquished.

Vanquished Creatures (others)
  A wolf (D)
1 creature vanquished.

Grand Total: 46 creatures vanquished

Notes
Turn   | Place    | Note
-------+----------+-------------------------------------------
     0 | D        | Kidiri the Deep Elf Fire Elementalist began the quest for the Orb.
     0 | D        | Reached XP level 1. HP: 10/10 MP: 6/6
    64 | D        | Found a bloodstained altar of Trog.
    64 | D        | Found a deep blue altar of Sif Muna.
    64 | D        | Found a viscous altar of Jiyva.
    64 | D        | Found a hazy altar of Hepliaklqana.
    64 | D        | Found an opulent altar of Gozag.
    65 | D        | Found a glowing golden altar of the Shining One.
    65 | D        | Found a glowing silver altar of Zin.
    65 | D        | Found a basalt altar of Yredelemnul.
    65 | D        | Found a shimmering altar of Xom.
    65 | D        | Found an ornate altar of the Wu Jian Council.
    65 | D        | Found a sacrificial altar of Ru.
    65 | D        | Found a stormy altar of Qazlal.
    65 | D        | Found an iron altar of Okawaru.
    65 | D        | Found a sparkling altar of Nemelex Xobeh.
    65 | D        | Found a burning altar of Makhleb.
    65 | D        | Found a blossoming altar of Fedhas.
    65 | D        | Found a white marble altar of Elyvilon.
    65 | D        | Found a shadowy altar of Dithmenos.
    65 | D        | Found a snail-covered altar of Cheibriados.
    67 | D        | Found a radiant altar of Vehumet.
    67 | D        | Found a corrupted altar of Lugonu.
    67 | D        | Found a roughly hewn altar of Beogh.
    68 | D        | Found a hide-covered altar of Uskayaw.
    68 | D        | Found an ancient bone altar of Kikubaaqudgha.
    68 | D        | Found a shattered altar of Ashenzari.
    75 | D        | Became a worshipper of Vehumet
   125 | D        | Reached skill level 4 in Spellcasting
   140 | D        | Reached * piety under Vehumet
   140 | D        | Offered knowledge of Magic Dart by Vehumet.
   146 | D        | Reached XP level 2. HP: 9/15 MP: 1/9
   155 | D        | Learned a level 2 spell: Throw Flame
   260 | D        | Reached ** piety under Vehumet
   362 | D        | Noticed a hungry ghost
   366 | D        | Offered knowledge of Shock by Vehumet.
   366 | D        | Reached skill level 5 in Spellcasting
   375 | D        | Killed a hungry ghost
   375 | D        | Reached skill level 9 in Spellcasting
   375 | D        | Reached skill level 5 in Conjurations
   375 | D        | Reached XP level 3. HP: 10/19 MP: 5/16
   375 | D        | Reached XP level 4. HP: 12/24 MP: 5/17
   375 | D        | Reached XP level 5. HP: 14/28 MP: 5/19
   380 | D        | Learned a level 3 spell: Conjure Flame
   384 | D        | Learned a level 3 spell: Inner Flame
   389 | D        | Learned a level 4 spell: Sticky Flame
   395 | D        | Learned a level 5 spell: Fireball
   600 | D        | Offered knowledge of Throw Frost by Vehumet.
   600 | D        | Reached *** piety under Vehumet
   611 | D        | Noticed Terence
   613 | D        | Noticed an ice beast
   623 | D        | Killed Terence
   623 | D        | Killed an ice beast
   623 | D        | Reached skill level 1 in Fighting
   623 | D        | Reached skill level 1 in Short Blades
   623 | D        | Reached skill level 1 in Armour
   623 | D        | Reached skill level 10 in Spellcasting
   627 | D        | Reached **** piety under Vehumet
   627 | D        | Reached XP level 6. HP: 35/35 MP: 10/21
   633 | D        | Learned a level 2 spell: Throw Frost
   723 | D        | Offered knowledge of Mephitic Cloud by Vehumet.
   728 | D        | Learned a level 3 spell: Mephitic Cloud
   748 | D        | Noticed a hellwing
   769 | D        | Killed a hellwing
   769 | D        | Offered knowledge of Fulminant Prism by Vehumet.
   769 | D        | Reached skill level 11 in Spellcasting
   769 | D        | Reached XP level 7. HP: 9/40 MP: 9/24
  1004 | D        | Noticed a fire bat
  1010 | D        | Reached skill level 5 in Dodging
  1012 | D        | Reached ***** piety under Vehumet
  1012 | D        | Offered knowledge of Bolt of Magma by Vehumet.
  1017 | D        | Killed a fire bat
  1017 | D        | Reached skill level 12 in Spellcasting
  1024 | D        | Learned a level 5 spell: Bolt of Magma
  1098 | D        | Noticed a deep elf mage
  1098 | D        | Noticed a steam dragon
  1103 | D        | Killed a deep elf mage
  1103 | D        | Reached XP level 8. HP: 47/47 MP: 23/26
  1322 | D        | Gained mutation: You possess an exceptional clarity of mind. [potion of mutation]
  1322 | D        | Gained mutation: You are dopey. (Int -2) [potion of mutation]
  1322 | D        | Gained mutation: You evolve. [potion of mutation]
  1322 | D        | Gained mutation: You have a pair of small horns on your head. [potion of mutation]
  1323 | D        | Lost mutation: You evolve. [potion of mutation]
  1323 | D        | Lost mutation: You possess an exceptional clarity of mind. [potion of mutation]
  1323 | D        | Lost mutation: You are dopey. (Int -2) [potion of mutation]
  1323 | D        | Gained mutation: Potions are less effective at restoring your health. [potion of mutation]
  1323 | D        | Gained mutation: You have a pair of horns on your head. [potion of mutation]
  1400 | D        | Noticed a deep elf mage
  1411 | D        | Killed a deep elf mage
  1411 | D        | Reached skill level 5 in Short Blades
  1411 | D        | Reached skill level 13 in Spellcasting
  1563 | D        | Noticed a kobold demonologist
  1566 | D        | Noticed an ice devil
  1567 | D        | Killed a kobold demonologist
  1567 | D        | Reached skill level 5 in Ice Magic
  1567 | D        | Reached skill level 5 in Poison Magic
  1567 | D        | Reached XP level 9. HP: 52/52 MP: 14/28
  1644 | D        | Offered knowledge of Ozocubu's Refrigeration by Vehumet.
  1906 | D        | Reached skill level 5 in Air Magic
  1910 | D        | Reached skill level 14 in Spellcasting
  1910 | D        | Reached skill level 5 in Earth Magic
  2092 | D        | Noticed a freezing wraith
  2097 | D        | Offered knowledge of Iron Shot by Vehumet.
  2109 | D        | Killed a freezing wraith
  2109 | D        | Reached ****** piety under Vehumet
  2109 | D        | Reached skill level 5 in Fighting
  2109 | D        | Reached skill level 5 in Armour
  2224 | D        | Learned a level 6 spell: Iron Shot
  2237 | D        | Noticed a nagaraja
  2238 | D        | Noticed a kobold demonologist
  2247 | D        | Killed from afar by a nagaraja

Vault maps used:
D:        pitsprint

Skill      XL: |  1  2  3  4  5  6  7  8  9 |
---------------+----------------------------+-----
Spellcasting   | 4 9 10 11 12 13 14 | 14.3
Conjurations   | 2 5 6 7 8 |  8.8
Fire Magic     | 6 7 8 9 |  9.4
Fighting       | 1 2 3 4 5 |  5.0
Short Blades   | 2 3 4 5 6 |  6.2
Armour         | 1 2 3 4 5 |  5.0
Dodging        | 3 4 6 7 |  7.9
Ice Magic      | 2 3 5 6 |  6.0
Air Magic      | 2 3 4 5 |  5.5
Poison Magic   | 2 4 5 6 |  6.2
Earth Magic    | 2 4 5 |  5.3
Stealth        | |  2.4

Action                   |  1- 3 |  4- 6 |  7- 9 || total
-------------------------+-------+-------+-------++-------
Melee: Rapier            |       |       |     4 ||     4
       Headbutt          |       |       |     1 ||     1
 Cast: Flame Tongue      |    21 |    19 |    22 ||    62
       Throw Flame       |       |     3 |       ||     3
       Conjure Flame     |       |     1 |     7 ||     8
       Inner Flame       |       |     1 |     1 ||     2
       Sticky Flame      |       |     2 |    10 ||    12
       Throw Frost       |       |     1 |     3 ||     4
       Bolt of Magma     |       |       |     8 ||     8
       Fireball          |       |       |     7 ||     7
  Use: Potion            |       |     1 |     4 ||     5
  Eat: Ration            |       |     1 |     1 ||     2
       Chunk             |       |       |     2 ||     2
Armor: Robe              |     1 |     3 |     1 ||     5
       Scale mail        |       |       |    14 ||    14
Dodge: Dodged            |     7 |    12 |    11 ||    30

Table legend:
 A = Spawn XP
 B = Non-spawn XP
 C = Spawn XP percentage of total XP
 D = Spawn monster count
 E = Non-spawn monster count
 F = Spawn count percentage of total count
 G = Total turns spent on level
                    A         B        C        D         E        F      G
               +---------+---------+-------+---------+---------+-------+---------
         Total |       0 |    5064 |   0.0 |       0 |      45 |   0.0 |  2247
               +---------+---------+-------+---------+---------+-------+---------
             D |       0 |    5064 |   0.0 |       0 |      45 |   0.0 |  2247
               +---------+---------+-------+---------+---------+-------+---------
